 Seeded DCSS version 0.29.1-15-g9cfb28693d (webtiles) character file.

Game seed: 16245865983455551772 (custom seed)

2 Atreus the Chopper (level 1, 18/19 HPs)
             Began as a Palentonga Berserker on Mar 9, 2023.
             Was a Follower of Trog.
             Quit the game on level 1 of the Dungeon.
             The game lasted 00:00:28 (72 turns).

Atreus the Chopper (Palentonga Berserker)             Turns: 72, Time: 00:00:29

Health: 18/19      AC:  9    Str: 22    XL:     1   Next: 33%
Magic:  1/1        EV:  7    Int:  7    God:    Trog [*.....]
Gold:   0          SH:  0    Dex:  9    Spells: 0/0 levels left

rFire   x . .      SeeInvis +   a - +0 hand axe
rCold   + + .      Faith    .   (no shield)
rNeg    . . .      Spirit   .   b - +0 animal skin
rPois   .          Reflect  .   (no helmet)
rElec   .          Harm     .   (no cloak)
rCorr   +          Rampage  .   e - +0 pair of gloves "Ruitir" {rF- rC++ rCorr Slay+6}
Will    .....                   d - +0 barding {Fly}
Stlth   +.........              c - amulet of Vitality {RegenMP++ Regen++}
HPRegen 0.06/turn               (no ring)
MPRegen 0.87/turn               (no ring)

@: flying
A: large, rugged brown scales 3, see invisible, deformed body, roll 1, armoured
tail
a: Rolling Charge, Renounce Religion, Berserk


You were on level 1 of the Dungeon.
You worshipped Trog.
Trog was aware of your devotion.
You visited 1 branch of the dungeon, and saw 1 of its levels.

Inventory:

Hand Weapons
 a - a +0 hand axe (weapon)
Armour
 b - a +0 animal skin (worn)
 d - a +0 barding of flying (worn)
 e - the +0 pair of gloves "Ruitir" (worn) {rF- rC++ rCorr Slay+6}
   (You acquired it on level 1 of the Dungeon)

   Slay:      It affects your accuracy & damage with ranged weapons and melee
   (+6).
   rF:        It makes you vulnerable to fire.
   rC:        It greatly protects you from cold.
   rCorr:     It protects you from acid and corrosion.
Jewellery
 c - the amulet of Vitality (around neck) {RegenMP++ Regen++}
   (You acquired it on level 1 of the Dungeon)

   [amulet of magic regeneration]

   It increases your rate of magic regeneration.
   Regen:     It increases your rate of health regeneration.


   Skills:
 + Level 3.0 Fighting
 + Level 3.0 Axes
 + Level 1.5 Armour
 + Level 1.5 Dodging


You couldn't memorise any spells.
You didn't know any spells.
Your spell library was empty.

Dungeon Overview and Level Annotations

Branches:
Dungeon (1/15)

Altars:


Innate Abilities, Weirdness & Mutations

You are completely covered in rugged brown scales. (AC +3, +7% HP)
You have supernaturally acute eyesight. (SInv)
Armour fits poorly on your strangely shaped body.
You can roll at nearby foes to attack.
You have a long armoured tail.


Message History

An endoplasm comes into view.
You hit the goblin.
Your tail-slap misses the goblin.
The goblin is severely wounded.
The goblin hits you with a +0 dagger.
You closely miss the goblin.
The goblin is severely wounded.
The goblin barely misses you. The goblin hits you with a +0 dagger.
The goblin hits you but does no damage.
You hit the endoplasm. You tail-slap the endoplasm.
You kill the endoplasm!
Trog accepts your kill.
You hit the goblin.
You kill the goblin!
Trog accepts your kill.
Found 3 scrolls labelled WAC GOIFOFITOUPLEC.
c - 3 scrolls labelled WAC GOIFOFITOUPLEC
There are no items here.
This is a scroll of acquirement!
Something appears at your feet!
d - a +0 barding of flying Something appears at your feet!
e - the +0 pair of gloves "Ruitir" {rF- rC++ rCorr Slay+6} Something appears at your feet!
c - the amulet of Vitality {RegenMP++ Regen++} You aren't carrying any scrolls.
There are no items here.
You start putting on your armour.
You continue putting on your +0 barding of flying. x4
You finish putting on your +0 barding of flying.
You fly up into the air.
You start putting on your armour.
You continue putting on the +0 pair of gloves "Ruitir" {rF- rC++ rCorr Slay+6}. x4
You finish putting on the +0 pair of gloves "Ruitir" {rF- rC++ rCorr Slay+6}.
You start putting on your amulet.
You continue putting on the amulet of Vitality {RegenMP++ Regen++}. x5
You finish putting on the amulet of Vitality {RegenMP++ Regen++}.
The amulet of Vitality cannot attune itself to your injured body.
c - the amulet of Vitality (around neck) {RegenMP++ Regen++} Are you sure you want to abandon this character and quit the game? (Confirm with "yes".)

# .# #.#
######..###
#.@........
.......#..#.....
#.##...#..# ...
#...###.## #
#... #..# ...#
#..# ##.## ....
#..#.r #..#
....#
#.##...##.##
....# #....
#..#.....#


There were no monsters in sight!

Vanquished Creatures
  An endoplasm (D:1)
  A goblin (D:1)
2 creatures vanquished.

Notes
Turn   | Place    | Note
-------+----------+-------------------------------------------
     0 | D:1      | Atreus the Palentonga Berserker began the quest for the
                  | Orb.
     0 | D:1      | Reached XP level 1. HP: 19/19 MP: 1/1
    51 | D:1      | Identified 3 scrolls of acquirement
    51 | D:1      | Acquired a +0 barding of flying
    53 | D:1      | Acquired the +0 pair of gloves "Ruitir" {rF- rC++ rCorr
                  | Slay+6}
    55 | D:1      | Acquired the amulet of Vitality {RegenMP++ Regen++}
    55 | D:1      | Found the amulet of Vitality {RegenMP++ Regen++}
    72 | D:1      | Quit the game

Illustrated notes

Levels and vault maps discovered:
D:1:      minmay_arrival_hallway, layout_loops_corners, basic_ecumenical_altar,
          minmay_unequal

Action                   || total
-------------------------++-------
Melee: Hand axe          ||     3
       Tailslap          ||     1
  Use: Scroll            ||     3
Armor: Animal skin       ||     1
Dodge: Dodged            ||     1
